 Dungeon Crawl Stone Soup version 0.26.1-2-gb8aa6d0cf2 (webtiles) character file.

Game seed: 6195355938215934933

2284 Revguard the Skirmisher (level 9, -16/89 HPs)
             Began as an Ogre Fire Elementalist on Feb 26, 2021.
             Was a Follower of Qazlal.
             Demolished by an ogre
             ... wielding a +0 giant spiked club
              (27 damage)
             ... on level 5 of the Dungeon.
             The game lasted 00:30:23 (9302 turns).

Revguard the Skirmisher (Ogre Fire Elementalist)    Turns: 9302, Time: 00:30:23

Health: -16/89     AC:  3    Str: 14    XL:     9   Next: 39%
Magic:  16/17      EV: 10    Int: 18    God:    Qazlal [*.....]
Gold:   310        SH:  2    Dex: 10    Spells: 2/18 levels left

rFire    + + .     SeeInvis .   i - +0 battleaxe (elec)
rCold    + . .     Faith    .   (shield currently unavailable)
rNeg     . . .     Spirit   .   a - +0 robe
rPois    .         Reflect  .   (helmet restricted)
rElec    .         Harm     .   (no cloak)
rCorr    .         Rampage  .   (gloves unavailable)
Will     .....                  (boots unavailable)
Stlth    ++........             (no amulet)
HPRegen  0.24/turn              b - ring of protection from fire
MPRegen  0.15/turn              k - ring "Nist" {rF+ rC+ Stlth+}

@: no status effects
A: large, unfitting armour, tough skin 1
a: Renounce Religion


You were on level 5 of the Dungeon.
You worshipped Qazlal.
Qazlal was aware of your devotion.
You visited 1 branch of the dungeon, and saw 5 of its levels.

You collected 310 gold pieces.

Inventory:

Hand Weapons
 f - a +0 club
 i - a +0 battleaxe of electrocution (weapon)
Armour
 a - a +0 robe (worn)
Jewellery
 b - a ring of protection from fire (left hand)
 d - an uncursed ring of flight
 k - the ring "Nist" (right hand) {rF+ rC+ Stlth+}
   (You found it on level 4 of the Dungeon)

   [ring of protection from fire]

   It protects you from fire.
   It protects you from cold.
   It makes you more stealthy.
Scrolls
 e - 3 scrolls of immolation
 g - 2 scrolls of remove curse
 h - a scroll of magic mapping
 l - a scroll of identify
Potions
 c - a potion of brilliance
 j - a potion of attraction


   Skills:
 * Level 6.0 Fighting
 + Level 4.7(4.9) Axes
 + Level 1.1(3.0) Maces & Flails
 * Level 3.6 Armour
 + Level 3.3 Dodging
 - Level 1.4 Stealth
 + Level 5.4 Spellcasting
 + Level 3.3 Conjurations
 + Level 0.9 Hexes
 + Level 4.3 Fire Magic
 * Level 3.6 Invocations
 + Level 1.4 Evocations


You had 2 spell levels left.
You knew the following spells:

 Your Spells              Type           Power        Failure   Level
a - Foxfire               Conj/Fire      72%          2%          1
b - Conjure Flame         Conj/Fire      18%          8%          3
c - Inner Flame           Hex/Fire       14%          13%         3
d - Sticky Flame          Conj/Fire      18%          26%         4
e - Fireball              Conj/Fire      9%           58%         5

Your spell library contained the following spells:

 Spells                   Type           Power        Failure   Level


Dungeon Overview and Level Annotations

Branches:
Dungeon (5/15)
 Temple: D:4-7

Altars:
Dithmenos
Kikubaaqudgha
Nemelex Xobeh
Qazlal
Uskayaw


Innate Abilities, Weirdness & Mutations

You are too large for most types of armour.
You have tough skin. (AC +1)


Message History

a +0 chain mail; an orc corpse You closely miss the orc.
The orc hits you with a +0 club.
You hit the orc.
The orc is almost dead.
The orc barely misses you.
You slash the orc!
You kill the orc!
Qazlal accepts your kill.
You slash the ogre!
The ogre is heavily wounded.
The ogre barely misses you.
You closely miss the ogre.
The ogre is heavily wounded.
The ogre hits you with a +0 giant spiked club!!
You closely miss the ogre.
The ogre is heavily wounded.
The ogre hits you with a +0 giant spiked club!!
* * * LOW HITPOINT WARNING * * *
The ogre hits you with a +0 giant spiked club!!
You die...

#################
................#
................#
................#
.......).......#######
......O@....†..##....##
###>..#######).##.....#
#.. #'###....### ...
#.$[.....##. ...
#<.##....##. ..
#..##....##. #
#####.).....
##.......)[.)
#............


You could see an ogre.

Vanquished Creatures
  Pikel (D:4)
  Duvessa (D:4)
  A sky beast (D:5)
  A black bear (D:4)
  2 phantoms
  5 ogres
  A centaur (D:5)
  4 lemures (D:4)
  A bullfrog (D:3)
  Dowan (D:4)
  3 scorpions
  3 bullfrog skeletons
  A hound (D:4)
  A bullfrog zombie (D:5)
  A centaur skeleton (D:4)
  3 orc priests
  2 orc wizards
  2 worker ants (D:4)
  A hound zombie (D:5)
  3 gnolls (D:4)
  5 adders
  2 white imps
  An ufetubus (D:5)
  2 adder skeletons (D:4)
  3 worms
  4 dart slugs
  3 leopard geckos
  23 orcs
  4 ball pythons
  6 bats
  4 giant cockroaches
  3 goblins
  7 hobgoblins
  7 jackals (D:2)
  8 kobolds
  A quokka (D:4)
  5 frilled lizards
  A jackal skeleton (D:5)
  A leopard gecko skeleton (D:2)
  4 rats
  A foxfire (D:5)
133 creatures vanquished.

Vanquished Creatures (others)
  337 foxfires
  13 plants (D:5)
350 creatures vanquished.

Grand Total: 483 creatures vanquished

Notes
Turn   | Place    | Note
-------+----------+-------------------------------------------
     0 | D:1      | Revguard the Ogre Fire Elementalist began the quest for the
                  | Orb.
     0 | D:1      | Reached XP level 1. HP: 16/16 MP: 3/3
   301 | D:1      | Reached XP level 2. HP: 26/26 MP: 1/5
   604 | D:1      | Reached skill level 1 in Fighting
   868 | D:1      | Reached skill level 1 in Conjurations
  1156 | D:1      | Reached XP level 3. HP: 33/33 MP: 1/7
  1450 | D:2      | Learned a level 3 spell: Conjure Flame
  1454 | D:2      | Learned a level 3 spell: Inner Flame
  3054 | D:2      | Reached skill level 1 in Maces & Flails
  3054 | D:2      | Reached XP level 4. HP: 42/42 MP: 4/8
  3323 | D:2      | Reached skill level 2 in Fighting
  3323 | D:2      | Reached XP level 5. HP: 32/49 MP: 0/9
  3692 | D:3      | Found a transporter.
  3695 | D:3      | Found a transporter.
  3836 | D:3      | Reached skill level 1 in Armour
  4434 | D:3      | Found an ancient bone altar of Kikubaaqudgha.
  4435 | D:3      | Found a hide-covered altar of Uskayaw.
  4436 | D:3      | Found a stormy altar of Qazlal.
  4676 | D:3      | Reached skill level 1 in Evocations
  4691 | D:3      | Became a worshipper of Qazlal Stormbringer
  5025 | D:4      | Reached XP level 6. HP: 53/59 MP: 11/11
  5048 | D:4      | Noticed a phantom
  5068 | D:4      | Killed a phantom
  5069 | D:4      | Reached skill level 3 in Fighting
  5074 | D:4      | Got a crude golden ring
  5075 | D:4      | Identified the ring "Nist" {rF+ rC+ Stlth+} (You found it
                  | on level 4 of the Dungeon)
  5296 | D:4      | Reached skill level 1 in Axes
  5319 | D:4      | Noticed Pikel
  5888 | D:4      | Noticed a black bear
  5908 | D:4      | Reached skill level 1 in Invocations
  5908 | D:4      | Reached XP level 7. HP: 38/67 MP: 6/13
  6303 | D:4      | Noticed Duvessa
  6303 | D:4      | Noticed Dowan
  6312 | D:4      | Killed Duvessa
  6334 | D:4      | Killed Dowan
  6335 | D:4      | Reached skill level 4 in Fighting
  6689 | D:4      | Reached XP level 8. HP: 7/78 MP: 4/14
  6789 | D:4      | Learned a level 4 spell: Sticky Flame
  7290 | D:4      | Killed Pikel
  7529 | D:4      | Found a shadowy altar of Dithmenos.
  7841 | D:5      | Entered Level 5 of the Dungeon
  7850 | D:5      | Found a sparkling altar of Nemelex Xobeh.
  7864 | D:5      | Reached * piety under Qazlal
  7865 | D:5      | Reached skill level 5 in Fighting
  8123 | D:5      | Reached XP level 9. HP: 34/88 MP: 14/16
  8129 | D:5      | Learned a level 5 spell: Fireball
  8429 | D:5      | Reached skill level 6 in Fighting
  8598 | D:5      | Reached skill level 5 in Spellcasting
  8854 | D:4      | HP: 2/89 [orc/+0 whip (4)]
  9302 | D:5      | Demolished by an ogre

Illustrated notes

Levels and vault maps discovered:
D:1:      amcnicky_arrival_gap_in_the_tavern_cellar, layout_loops_corners
D:2:      layout_basic, chequers_serial_rivers_micro_e
D:3:      layout_basic, gammafunk_temple_overflow_arena
D:4:      layout_basic, marbit_many_paths, uniq_duvessa, uniq_pikel
D:5:      layout_gridville, nemelex_xobeh_ov_fountains_minmay,
          lemuel_coloured_pillars_altar, chequers_big_river,
          hangedman_decor_clover_reticule

Skill      XL: |  1  2  3  4  5  6  7  8  9 |
---------------+----------------------------+-----
Fire Magic     | 3 4 |  4.3
Fighting       | 1 2 3 4 5 6 |  6.0
Conjurations   | 1 2 3 |  3.3
Spellcasting   | 3 4 5 |  5.4
Dodging        | 2 3 |  3.3
Maces & Flails | 1 |  1.1
Armour         | 1 2 3 |  3.6
Evocations     | 1 |  1.4
Axes           | 1 2 4 |  4.7
Invocations    | 1 2 3 |  3.6
Stealth        | |  1.4
Hexes          | |  0.9

Action                   |  1- 3 |  4- 6 |  7- 9 || total
-------------------------+-------+-------+-------++-------
Melee: Unarmed           |     6 |       |       ||     6
       Club              |    72 |     9 |       ||    81
       Battleaxe         |       |    49 |   124 ||   173
 Cast: Foxfire           |    69 |    76 |    66 ||   211
       Conjure Flame     |     4 |     4 |     2 ||    10
       Inner Flame       |       |     1 |     8 ||     9
       Sticky Flame      |       |       |    10 ||    10
  Use: Scroll            |     6 |     2 |     3 ||    11
       Potion            |       |     3 |     1 ||     4
 Stab: Sleeping          |     2 |     1 |     2 ||     5
Armor: Robe              |    22 |    18 |    25 ||    65
Dodge: Dodged            |    47 |    47 |   104 ||   198
Block: Other             |       |       |     3 ||     3
